 Dungeon Crawl Stone Soup version 0.29-a0-802-g34511f41fd (webtiles) character file.

Game seed: 6678768113612354464

5 dolemite99 the Shield-Bearer (level 1, -1/19 HPs)
             Began as a Minotaur Fighter on July 3, 2022.
             Was a Follower of Sif Muna.
             Slain by a kobold
             ... wielding a +1 short sword of venom
              (2 damage)
             ... on level 1 of the Dungeon.
             The game lasted 00:00:11 (161 turns).

dolemite99 the Shield-Bearer (Minotaur Fighter)      Turns: 161, Time: 00:00:12

Health: -1/19      AC:  6    Str: 20    XL:     1   Next: 66%
Magic:  0/0        EV:  9    Int:  5    God:    Sif Muna [*.....]
Gold:   25         SH:  4    Dex:  9    Spells: 0/0 levels left

rFire   . . .      SeeInvis .   a - +0 war axe
rCold   . . .      Faith    .   c - +0 buckler
rNeg    . . .      Spirit   .   b - +0 scale mail
rPois   .          Reflect  .   (helmet restricted)
rElec   .          Harm     .   (no cloak)
rCorr   .          Rampage  .   (no gloves)
Will    .....                   (no boots)
Stlth   ..........              (no amulet)
HPRegen 0.06/turn               (no ring)
MPRegen 0.07/turn               (no ring)

@: lethally poisoned (-1 -> -6), attractive
A: horns 2, retaliatory headbutt
a: Renounce Religion, Channel Magic


You were on level 1 of the Dungeon.
You worshipped Sif Muna.
Sif Muna was aware of your devotion.
You visited 1 branch of the dungeon, and saw 1 of its levels.

You collected 25 gold pieces.

Inventory:

Hand Weapons
 a - a +0 war axe (weapon)
Armour
 b - a +0 scale mail (worn)
 c - a +0 buckler (worn)
Scrolls
 e - a scroll of brand weapon {unknown}
 f - a scroll of identify {unknown}
 h - a scroll of silence {unknown}
Potions
 d - a potion of might


   Skills:
 - Level 3.6 Fighting
 + Level 3.1 Axes
 - Level 3.6 Armour
 - Level 3.6 Shields


You couldn't memorise any spells.
You didn't know any spells.
Your spell library was empty.

Dungeon Overview and Level Annotations

Branches:
Dungeon (1/15)

Altars:
Sif Muna


Innate Abilities, Weirdness & Mutations

You have a pair of horns on your head.
You reflexively headbutt those who attack you in melee.


Message History

The kobold throws a stone.
The stone barely misses you.
The ball python bites you but does no damage.
You block the ball python's attack.
You hit the ball python.
The ball python is moderately wounded.
You hit the ball python.
You kill the ball python!
Sif Muna accepts your kill. The ball python barely misses you.
The ball python grabs you. The ball python constricts you.
The ball python closely misses you. The ball python constricts you.
Your Axes skill increases to level 3!
You escape the ball python's grasp.
The kobold hits you with a +1 short sword of venom.
You are poisoned.
You see here a ball python corpse.
You slash the ball python!
You kill the ball python!
Sif Muna accepts your kill.
You hit the kobold.
You feel very sick.
The kobold hits you with a +1 short sword of venom.
You are lethally poisoned!
You feel very sick. The kobold hits you but does no damage.
You are too injured to fight recklessly!
Found 4 stones.
* * * LOW HITPOINT WARNING * * *
You feel sick. The kobold closely misses you. You furiously retaliate!
You headbutt the kobold, but do no damage.
You are too injured to fight recklessly!
* * * LOW HITPOINT WARNING * * *
You feel sick.
You are too injured to fight recklessly!
It was a potion of attraction.
You feel attractive to monsters.
* * * LOW HITPOINT WARNING * * *
You feel sick.
The kobold hits you with a +1 short sword of venom.
You die...

#. (..#........ #.
###.....#.$.... #.
##.......#.#.....#.
######.... #..........#.
.....[...###............
................# ##+.
......[........## #.
#..@K.†...#.# #.
#.#.####.#..# #. # #.#
#.#..# #. ... ..#..# #.
.... ...#..#######.
#.#..##..#.#.....#..
#.#..###.##.....#...
#.#... ..#######..##
..........###


You could see a kobold.

Vanquished Creatures
  3 ball pythons (D:1)
  An endoplasm (D:1)
  A quokka (D:1)
5 creatures vanquished.

Notes
Turn   | Place    | Note
-------+----------+-------------------------------------------
     0 | D:1      | dolemite99 the Minotaur Fighter began the quest for the
                  | Orb.
     0 | D:1      | Reached XP level 1. HP: 19/19 MP: 0/0
    89 | D:1      | Found a faded altar of an unknown god.
    96 | D:1      | Prayed at the altar of an unknown god.
    96 | D:1      | Became a worshipper of Sif Muna the Loreminder
    96 | D:1      | Reached * piety under Sif Muna
   161 | D:1      | Slain by a kobold

Illustrated notes

Levels and vault maps discovered:
D:1:      dpeg_arrival_more_subterranean_lakeside_camping, layout_rooms,
          hellmonk_ecumenical_altar_slurped_away, minmay_3d_cube

Skill      XL: |  1 |
---------------+----+-----
Axes           | 3 |  3.1
Fighting       | |  3.6
Armour         | |  3.6
Shields        | |  3.6

Action                   || total
-------------------------++-------
Melee: War axe           ||     6
  Use: Potion            ||     1
Armor: Scale mail        ||     2
Dodge: Dodged            ||     6
Block: Buckler           ||     3

Table legend: (Time is in decaauts)
 A = Elapsed time spent in this place.
 B = Non-inter-level travel time spent in this place.
 C = Inter-level travel time spent in this place.
 D = Time resting spent in this place.
 E = Time spent auto-exploring this place.
 F = Levels seen in this place.
 G = Mean time per level.
                   A        B        C        D        E       F      G
               +--------+--------+--------+--------+--------+-----+--------+
         Total |    163 |    163 |      0 |      0 |    127 |   1 |  163.0 |
       Dungeon |    163 |    163 |      0 |      0 |    127 |   1 |  163.0 |
               +--------+--------+--------+--------+--------+-----+--------+

Top non-repeatable levels by time:
     D:1: 163 daAuts
